cohdb
Replays
Latest Replays
All Replays
Popular Replays
Top Player Replays
Match Explorer
How It Works
Community
CoH3 Stats
Reddit
Sign in to upload your games and track your stats! →
Sign in with Steam
Match 43684128
Unlisted
Match 43684128
Overview
Messages
Build Orders
End
Construct Barracks
Riflemen Squad
Riflemen Squad
1⁄4-ton 4x4 Truck
Construct Weapon Support Center
Selects Advanced Infantry Battlegroup
Selects Convert to Ranger Squad
Grenade Package
Riflemen Squad
Air Support Center
M1918 Browning Automatic Rifles
Grasshopper Recon Run
Double Sortie
Selects Artillery Observers
Engineer Squad
P-47 Strafing Run
Construct Tank Depot
Selects Frontline Medical Station
Frontline Medical Station
P-47 Dive Bomb
Selects Infantry Assault
M4A1 Sherman Medium Tank
P-47 Strafing Run
M18 Hellcat Tank Destroyer
Engineer Squad
Grasshopper Recon Run
P-47 Dive Bomb
Jd577
EBANATOR
Razvysme
Esperanza
Alpha_0XVII
robero
Homer
clevans32885
0
0
Comments
sign in to comment!
No comments posted yet!